 Dungeon Crawl Stone Soup version 0.31.0-32-g396128a36d (webtiles) character file.

Game seed: 5141157090989800002

1352 Dadi the Grappler (level 8, -8/62 HPs)
             Began as a Demonspawn Berserker on Mar 27, 2024.
             Was a Believer of Trog.
             Mangled by an ice beast (10 damage)
             ... on level 6 of the Dungeon.
             The game lasted 00:07:02 (5482 turns).

Dadi the Grappler (Demonspawn Berserker)            Turns: 5482, Time: 00:07:02

Health: -8/62      AC:  6    Str: 19    XL:     8   Next: 36%
Magic:  8/8        EV: 11    Int:  8    God:    Trog [**....]
Gold:   332        SH:  0    Dex: 13    Spells: 7/7 levels left

rFire   . .          .
                       - Unarmed
rCold   . . .        (no shield)
rNeg    + . .        r - +0 ring mail
rPois   .            (helmet restricted)
rElec   .            u - +0 cloak
rCorr   .            (no gloves)
SInv    .            (no boots)
Will    +....        (no amulet)
Stlth   +            e - ring of positive energy
HPRegen 0.30/turn    (no ring)
MPRegen 0.11/turn

%: no passive effects
@: on berserk cooldown, enlightened, flying, slowed, very slow
A: claws 2, horns 1, demonic guardian 1, weakness stinger 2
a: Renounce Religion, Berserk, Trog's Hand


You were on level 6 of the Dungeon.
You worshipped Trog.
Trog was pleased with you.
You visited 1 branch of the dungeon, and saw 6 of its levels.

You collected 402 gold pieces.
You spent 70 gold pieces at shops.

Inventory:

Armour
 b - a +0 animal skin
 r - a +0 ring mail (worn)
 u - a +0 cloak (worn)
Jewellery
 e - a ring of positive energy (left claw)
 i - a +5 ring of evasion
 n - a +6 ring of strength
 o - a ring of magical power
 q - a ring of magical power
 x - a ring of resist corrosion
Talismans
 y - a beast talisman
Wands
 a - a wand of iceblast (11)
 c - a wand of flame (22)
Scrolls
 f - 2 scrolls of immolation {unknown}
 g - 5 scrolls of teleportation
 h - 2 scrolls of noise {unknown}
 j - a scroll of amnesia {unknown}
 k - a scroll of revelation {unknown}
 m - a scroll of vulnerability {unknown}
 t - 4 scrolls of identify
 v - a scroll of enchant armour {unknown}
 w - a scroll of fear {unknown}
Potions
 l - 2 potions of degeneration {unknown}
 p - a potion of haste {unknown}
 s - 4 potions of curing {unknown}


   Skills:
 - Level 5.0 Fighting
 - Level 2.6 Maces & Flails
 - Level 1.7 Armour
 - Level 1.7 Dodging
 * Level 8.6 Unarmed Combat


You had 7 spell levels left.
You didn't know any spells.
Your spell library was empty.

Dungeon Overview and Level Annotations

Branches:
Dungeon (6/15)
 Temple: D:4-7

Altars:
Ashenzari
Gozag
Hepliaklqana

Shops:
D:3 ?


Innate Abilities, Weirdness & Mutations

You have very sharp fingernails.
You have a pair of small horns on your head.
A weak demonic guardian rushes to your aid.
You have a tail ending in a sharp stinger.


Message History

Trog accepts your kill.
You feel sick.
You feel sick.
Things that are here:
a +0 shortbow; a +0 robe; a centaur corpse You feel a strong urge to attack something.
You are no longer berserk.
You are exhausted.
You feel yourself slow down.
You feel sick.
You now have 332 gold pieces (gained 11).
Things that are here:
a +2 trident of venom; 2 stones; a +0 ring mail You feel sick.
You feel sick.
You are no longer poisoned.
An ice beast comes into view.
You see here an iguana corpse.
The ice beast hits you. The ice beast freezes you!
* * * LOW HITPOINT WARNING * * *
A demonic guardian appears!
Your white imp hits the ice beast.
Your white imp freezes the ice beast.
The ice beast completely resists.
Your white imp closely misses the ice beast.
Okay, then.
The ice beast hits you.
* * * LOW HITPOINT WARNING * * *
The ice beast freezes you!
* * * LOW HITPOINT WARNING * * *
Okay, then.
Okay, then.
It was a potion of enlightenment.
You feel very buoyant.
You fly up into the air.
Your white imp hits the ice beast but does no damage.
The ice beast hits you but does no damage.
The ice beast hits you.
* * * LOW HITPOINT WARNING * * *
The ice beast freezes you!
You die...

#.# ##.###...........
#######.## #..>#..(.........
.........###...#.##.########
.######<.#.......##.###### #
#..#.......##.##...###
#....................)
##.........#####.#.##.
#.#.............#....
#.#.@###...##########
#....Y5.....## #
###...#......### #
#...#.###..... #
#...#.)....... .
##......#...... ##...###)#
###.. #......†.#..... .....
#.#...#.....#. .....


You could see an ice beast (ally target) and a friendly white imp (summoned).

Vanquished Creatures
  An orc warrior (D:6)
  A black bear (D:6)
  A sky beast (D:6)
  An ice beast (D:5)
  2 centaurs (D:6)
  A phantom (D:5)
  A bullfrog (D:6)
  Blork the orc (D:6)
  A gnoll sergeant (D:6)
  A howler monkey (D:5)
  2 bombardier beetles
  A hound (D:6)
  2 gnoll boudas
  2 jellies
  An orc wizard (D:4)
  3 iguanas
  9 gnolls
  6 adders
  A white imp (D:6)
  An ufetubus (D:6)
  2 dart slugs
  8 orcs
  5 endoplasms
  7 goblins
  2 quokkas (D:2)
  6 ball pythons
  2 bats (D:2)
  A frilled lizard (D:3)
  3 kobolds
  5 rats
80 creatures vanquished.

Notes
Turn   | Place    | Note
-------+----------+-------------------------------------------
     0 | D:1      | Dadi the Demonspawn Berserker began the quest for the Orb.
     0 | D:1      | Reached XP level 1. HP: 18/18 MP: 1/1
  1041 | D:2      | Discovered your monstrous ancestry.
  1041 | D:2      | Gained mutation: You have a small tail. [demonic ancestry]
  1041 | D:2      | Reached XP level 2. HP: 6/24 MP: 2/2
  1286 | D:2      | Found a hazy altar of Hepliaklqana.
  1354 | D:2      | Gained mutation: You have sharp fingernails. [demonic
                  | ancestry]
  1354 | D:2      | Reached XP level 3. HP: 30/30 MP: 3/3
  2065 | D:3      | Reached skill level 1 in Unarmed Combat
  2441 | D:3      | Gained mutation: You have a pair of small horns on your
                  | head. [demonic ancestry]
  2441 | D:3      | Reached XP level 4. HP: 13/38 MP: 4/4
  2736 | D:3      | Found Arphua Ykei's Magic Scroll Shop.
  2825 | D:3      | Bought a scroll of teleportation for 42 gold pieces
  2825 | D:3      | Bought a scroll of identify for 28 gold pieces
  2989 | D:4      | Reached skill level 2 in Unarmed Combat
  3010 | D:4      | Reached XP level 5. HP: 26/43 MP: 5/5
  3207 | D:4      | Found a broken altar of Ashenzari.
  3213 | D:4      | Reached skill level 5 in Fighting
  3213 | D:4      | Reached skill level 3 in Unarmed Combat
  3263 | D:4      | Reached ** piety under Trog
  3291 | D:4      | Found an opulent altar of Gozag.
  3731 | D:4      | Gained mutation: You have very sharp fingernails. [demonic
                  | ancestry]
  3731 | D:4      | Reached XP level 6. HP: 46/51 MP: 6/6
  3843 | D:5      | Entered Level 5 of the Dungeon
  3867 | D:5      | Reached skill level 4 in Unarmed Combat
  3896 | D:5      | Noticed an ice beast
  3913 | D:5      | Killed an ice beast
  3914 | D:5      | Reached skill level 5 in Unarmed Combat
  4690 | D:6      | Noticed an orc warrior
  4697 | D:6      | Gained mutation: You have a tail ending in a sharp stinger.
                  | [demonic ancestry]
  4697 | D:6      | Reached XP level 7. HP: 56/56 MP: 7/7
  4706 | D:6      | Reached skill level 6 in Unarmed Combat
  5114 | D:6      | Noticed Blork the orc
  5120 | D:6      | Killed Blork the orc
  5121 | D:6      | Reached skill level 7 in Unarmed Combat
  5335 | D:6      | Gained mutation: A weak demonic guardian rushes to your
                  | aid. [demonic ancestry]
  5335 | D:6      | Reached XP level 8. HP: 48/62 MP: 8/8
  5340 | D:6      | Reached skill level 8 in Unarmed Combat
  5481 | D:6      | HP: 2/62 [ice beast (10)]
  5482 | D:6      | Mangled by an ice beast

Illustrated notes

Levels and vault maps discovered:
D:1:      lemuel_arrival_cross, layout_loops_corners
D:2:      layout_loops_cross, basic_altar, hangedman_decor_riveting
D:3:      layout_loops_corners, serial_shops, nicolae_shop_rolled_up,
          minmay_misc_feat_pillars, st_stairs_7, hangedman_decor_growths,
          nicolae_concentric_dashed_squares_mild
D:4:      layout_loops_ring, mainiacjoe_overflow_large_starburst,
          hangedman_decor_points, kennysheep_generic_room_15
D:5:      layout_gridville, corexii_checkpoint
D:6:      hangedman_cross_stitches, layout_loops_ring,
          minmay_temple_entry_butterflies, uniq_blork_the_orc

Skill      XL: |  1  2  3  4  5  6  7  8 |
---------------+-------------------------+-----
Fighting       | 4 5 |  5.0
Unarmed Combat | 1 2 3 5 7 8 |  8.6
Maces & Flails | |  2.6
Armour         | |  1.7
Dodging        | |  1.7

Action                     |  1- 3 |  4- 6 |  7- 9 || total
---------------------------+-------+-------+-------++-------
  Melee: Mace              |    57 |       |       ||    57
         Unarmed           |    35 |   107 |    70 ||   212
         Tailslap          |     2 |    17 |    15 ||    34
         Headbutt          |       |    17 |    16 ||    33
         Punch             |       |     2 |     2 ||     4
 Invoke: Berserk           |     2 |     4 |     1 ||     7
    Use: Potion            |       |       |     2 ||     2
   Stab: Sleeping          |     2 |       |       ||     2
 Armour: Animal skin       |    52 |       |       ||    52
         Ring mail         |       |    59 |    60 ||   119
  Dodge: Dodged            |    65 |    38 |    44 ||   147
